 Dungeon Crawl Stone Soup version 0.25-a0-35-g747a2b3c0c (webtiles) character file.

Game seed: 7022451103303696333, levelgen mode: deterministic

1005 Arixos the Magician (level 8, -2/57 (58) HPs)
             Began as a Gnoll Wizard on Oct 18, 2019.
             Slain by an adder zombie (3 damage)
             ... on level 6 of the Dungeon.
             The game lasted 00:18:49 (4635 turns).

Arixos the Magician (Gnoll Wizard)                  Turns: 4635, Time: 00:18:49

HP:   -2/57 (58)    AC:  3    Str:  9      XL:     8   Next: 20%
MP:   7/19          EV: 14    Int: 24      God:
Gold: 324           SH:  0    Dex: 12 (13) Spells: 11/22 levels left

rFire    . . .     SeeInvis .   x - +0 trident
rCold    . . .     Gourm    .   (no shield)
rNeg     . . .     Faith    .   a - +0 robe
rPois    .         Spirit   .   b - +0 hat
rElec    .         Reflect  .   (no cloak)
rCorr    .         Harm     .   e - +0 pair of gloves
MR       .....                  (no boots)
Stlth    +++.......             (no amulet)
HPRegen  0.19/turn              (no ring)
MPRegen  0.16/turn              (no ring)

@: no status effects
A: distributed training, fangs 1, strong nose
a: no special abilities


You were on level 6 of the Dungeon.
You were not hungry.

You visited 1 branch of the dungeon, and saw 6 of its levels.
You also visited: Ossuary.

You collected 324 gold pieces.

Inventory:

Hand Weapons
 x - a +0 trident (weapon)
Missiles
 t - 22 poisoned darts (quivered)
 w - 4 atropa-tipped darts
 A - 4 curare-tipped darts
Armour
 a - a +0 robe (worn)
 b - a +0 hat (worn)
 e - a +0 pair of gloves (worn)
Jewellery
 u - a +3 ring of strength
Scrolls
 g - a scroll of enchant armour {unknown}
 j - 3 scrolls of magic mapping {unknown}
 k - a scroll of blinking {unknown}
 l - 2 scrolls of immolation {unknown}
 n - 4 scrolls of remove curse {unknown}
 r - 7 scrolls of identify {unknown}
 y - 2 scrolls of amnesia {unknown}
Potions
 c - 4 potions of lignification {unknown}
 f - 2 potions of resistance {unknown}
 h - 3 potions of invisibility {unknown}
 i - 2 potions of degeneration {unknown}
 m - 2 potions of heal wounds {unknown}
 o - 8 potions of curing {unknown}
 p - 5 potions of brilliance {unknown}
 q - 2 potions of haste {unknown}
 s - 3 potions of flight {unknown}
 v - a potion of mutation {unknown}
Comestibles
 d - 7 rations
 z - 4 chunks of flesh


   Skills:
 + Level 3.0 Fighting
 + Level 3.0 Short Blades
 + Level 3.0 Long Blades
 + Level 3.0 Axes
 + Level 3.0 Maces & Flails
 + Level 3.0 Polearms
 + Level 3.0 Staves
 + Level 3.0 Slings
 + Level 3.0 Bows
 + Level 3.0 Crossbows
 + Level 3.0 Throwing
 + Level 3.0 Armour
 + Level 5.5 Dodging
 + Level 5.2 Stealth
 + Level 3.0 Shields
 + Level 3.0 Unarmed Combat
 + Level 7.8 Spellcasting
 + Level 3.3 Conjurations
 + Level 2.4 Hexes
 + Level 2.4 Charms
 + Level 3.3 Summonings
 + Level 2.4 Necromancy
 + Level 3.3 Translocations
 + Level 2.4 Transmutations
 + Level 2.4 Fire Magic
 + Level 2.4 Ice Magic
 + Level 2.4 Air Magic
 + Level 2.4 Earth Magic
 + Level 2.4 Poison Magic
 + Level 3.3 Invocations
 + Level 3.0 Evocations


You had 11 spell levels left.
You knew the following spells:

 Your Spells              Type           Power        Failure   Level  Hunger
a - Magic Dart            Conj           ####         1%          1    None
c - Mephitic Cloud        Conj/Pois/Air  ###.....     6%          3    None
e - Blink                 Tloc           N/A          2%          2    None
f - Conjure Flame         Conj/Fire      ###.....     6%          3    None
q - Call Imp              Summ           ####....     2%          2    None

Your spell library contained the following spells:

 Spells                   Type           Power        Failure   Level  Hunger
 Slow                     Hex            ###.....     3%          2    None


Dungeon Overview and Level Annotations

Branches:
Dungeon (6/15)             Temple (0/1) D:5         Ossuary (visited)

Altars:
Cheibriados
Trog

Annotations:
D:6 Menkaure, Sigmund


Innate Abilities, Weirdness & Mutations

Your experience applies equally to all skills.
You have very sharp teeth.
Your uncanny sense of smell can sniff out nearby items.


Message History

Something is bathed in an unholy light!
Your body is wracked with pain!
Menkaure blazes with dark energy!
Menkaure gestures at you while chanting.
Pain shoots through your body!
* * * LOW HITPOINT WARNING * * *
The adder zombie barely misses you.
You puncture the adder zombie!
The adder zombie is moderately damaged.
The adder zombie bites you.
* * * LOW HITPOINT WARNING * * *
Menkaure barely misses you.
A sky beast appears from thin air!
Reactivating autopickup.
The sky beast misses you. The adder zombie misses you.
Menkaure completely misses you. The adder zombie barely misses you.
The adder zombie closely misses you. The sky beast hits you.
* * * LOW HITPOINT WARNING * * *
The sky beast shocks you.
* * * LOW HITPOINT WARNING * * *
The adder zombie bites you.
You die...

#..#)#####.####.#
#..#.#.......#
#..#)#...#.#.#
#..#.#.....#.#
#..#.#...K.#.#
####Y#....##.#
#.#K.Y....#
#.#.MZ######
#5#.@........
#Y#..########
#.#.......)..
#Z##.########
#.##.# #....#
######


You could see a sky beast, Menkaure, an adder zombie and 2 kobolds.

Vanquished Creatures
  A necrophage (D:6)
  A scorpion (D:4)
  A crimson imp (D:5)
  A hound (D:4)
  2 centaur skeletons (D:4)
  2 mummies (Ossuary)
  3 gnolls (D:6)
  An adder (D:3)
  An ooze (D:3)
  An adder skeleton (D:6)
  A worm (D:4)
  4 dart slugs
  A leopard gecko (D:4)
  3 orcs
  5 giant cockroaches
  A hobgoblin (D:2)
  A quokka (D:2)
  16 bats
  2 frilled lizards
  6 goblins
  A hobgoblin zombie (Ossuary)
  5 kobolds
  An orc zombie (Ossuary)
  A quokka skeleton (D:4)
  2 rats
64 creatures vanquished.

Vanquished Creatures (collateral kills)
  2 yaks (D:6)
  Eustachio (D:4)
  A black bear (D:6)
  A phantom (D:4)
  A bullfrog (D:6)
  2 howler monkeys
  A jelly (D:5)
  Terence (D:2)
  2 worker ants
  7 mummies
  3 gnolls (D:6)
  7 adders
  An ooze (D:4)
  A worm (D:4)
  2 leopard geckos
  2 orcs (D:4)
  3 giant cockroaches (D:4)
  A gnoll zombie (Ossuary)
  2 hobgoblins (D:2)
  A quokka (D:4)
  2 frilled lizards
  A hobgoblin zombie (Ossuary)
  2 kobold zombies (Ossuary)
  A leopard gecko skeleton (D:4)
  2 orc zombies (Ossuary)
50 creatures vanquished.

Grand Total: 114 creatures vanquished

Notes
Turn   | Place    | Note
-------+----------+-------------------------------------------
     0 | D:1      | Arixos the Gnoll Wizard began the quest for the Orb.
     0 | D:1      | Reached XP level 1. HP: 13/13 MP: 8/8
   244 | D:1      | Reached XP level 2. HP: 19/19 MP: 6/10
   248 | D:1      | Learned a level 2 spell: Blink
   251 | D:1      | Learned a level 2 spell: Call Imp
  1088 | D:2      | Noticed Terence
  1116 | D:2      | Killed Terence
  1116 | D:2      | Reached XP level 3. HP: 21/25 MP: 5/11
  1313 | D:2      | Reached skill level 1 in Invocations
  1355 | D:2      | Learned a level 3 spell: Conjure Flame
  1359 | D:2      | Learned a level 3 spell: Mephitic Cloud
  1407 | D:2      | Found a bloodstained altar of Trog.
  1717 | D:3      | Reached skill level 1 in Fighting
  1717 | D:3      | Reached skill level 1 in Short Blades
  1717 | D:3      | Reached skill level 1 in Long Blades
  1717 | D:3      | Reached skill level 1 in Axes
  1717 | D:3      | Reached skill level 1 in Maces & Flails
  1717 | D:3      | Reached skill level 1 in Polearms
  1717 | D:3      | Reached skill level 1 in Staves
  1717 | D:3      | Reached skill level 1 in Slings
  1717 | D:3      | Reached skill level 1 in Bows
  1717 | D:3      | Reached skill level 1 in Crossbows
  1717 | D:3      | Reached skill level 1 in Throwing
  1717 | D:3      | Reached skill level 1 in Armour
  1717 | D:3      | Reached skill level 1 in Shields
  1717 | D:3      | Reached skill level 1 in Unarmed Combat
  1717 | D:3      | Reached skill level 1 in Evocations
  1736 | D:3      | Reached XP level 4. HP: 32/32 MP: 8/13
  2134 | D:4      | Found a snail-covered altar of Cheibriados.
  2154 | D:4      | Reached skill level 1 in Hexes
  2154 | D:4      | Reached skill level 1 in Charms
  2154 | D:4      | Reached skill level 1 in Necromancy
  2154 | D:4      | Reached skill level 1 in Transmutations
  2154 | D:4      | Reached skill level 1 in Fire Magic
  2154 | D:4      | Reached skill level 1 in Ice Magic
  2154 | D:4      | Reached skill level 1 in Air Magic
  2154 | D:4      | Reached skill level 1 in Earth Magic
  2154 | D:4      | Reached skill level 1 in Poison Magic
  2176 | D:4      | Reached XP level 5. HP: 12/37 MP: 7/14
  2492 | D:4      | Found a sand-covered staircase.
  2567 | Ossuary  | Entered an ossuary
  3099 | D:4      | Reached XP level 6. HP: 44/44 MP: 16/16
  3114 | D:4      | Noticed a phantom
  3138 | D:4      | Killed a phantom
  3138 | D:4      | Reached skill level 5 in Dodging
  3461 | D:4      | Noticed Eustachio
  3495 | D:4      | Killed Eustachio
  3495 | D:4      | Reached XP level 7. HP: 17/50 MP: 7/18
  4009 | D:5      | Entered Level 5 of the Dungeon
  4244 | D:5      | Found a staircase to the Ecumenical Temple.
  4252 | D:5      | Noticed Menkaure
  4464 | D:6      | Reached skill level 5 in Stealth
  4515 | D:6      | Noticed a yak
  4524 | D:6      | Noticed a yak
  4530 | D:6      | Noticed a yak
  4531 | D:6      | Noticed a yak
  4536 | D:6      | Noticed a yak
  4537 | D:6      | Noticed Sigmund
  4561 | D:6      | Killed a yak
  4561 | D:6      | Reached XP level 8. HP: 48/56 MP: 8/19
  4593 | D:6      | Killed a yak
  4634 | D:6      | HP: 1/57 [sky beast (6)]
  4635 | D:6      | Slain by an adder zombie

Levels and vault maps discovered:
D:1:      minmay_arrival_arboretum_small, layout_loops_corners, minmay_tall_x
D:2:      layout_loops_ring, lemuel_round_altar, uniq_terence
D:3:      layout_loops_cross, minmay_misc_feat_hallway, nrook_campfire,
          chequers_serial_rivers_marsh
D:4:      layout_gridville, first_ration, gup_sewer_entry_glass,
          gup_ossuary_entry_pyramid, kennysheep_slug_shrine, uniq_eustachio
D:5:      minmay_evil_eye, layout_loops_ring, minmay_temple_entry_waves,
          uniq_menkaure
D:6:      layout_basic, kennysheep_mini_moat, uniq_sigmund

Skill      XL: |  1  2  3  4  5  6  7  8 |
---------------+-------------------------+-----
Conjurations   | 2 3 |  3.3
Summonings     | 2 3 |  3.3
Translocations | 2 3 |  3.3
Invocations    | 1 2 3 |  3.3
Fighting       | 1 2 3 |  3.0
Short Blades   | 1 2 3 |  3.0
Long Blades    | 1 2 3 |  3.0
Axes           | 1 2 3 |  3.0
Maces & Flails | 1 2 3 |  3.0
Polearms       | 1 2 3 |  3.0
Staves         | 1 2 3 |  3.0
Slings         | 1 2 3 |  3.0
Bows           | 1 2 3 |  3.0
Crossbows      | 1 2 3 |  3.0
Throwing       | 1 2 3 |  3.0
Armour         | 1 2 3 |  3.0
Shields        | 1 2 3 |  3.0
Unarmed Combat | 1 2 3 |  3.0
Evocations     | 1 2 3 |  3.0
Hexes          | 1 2 |  2.4
Charms         | 1 2 |  2.4
Necromancy     | 1 2 |  2.4
Transmutations | 1 2 |  2.4
Fire Magic     | 1 2 |  2.4
Ice Magic      | 1 2 |  2.4
Air Magic      | 1 2 |  2.4
Earth Magic    | 1 2 |  2.4
Poison Magic   | 1 2 |  2.4
Dodging        | 5 |  5.5
Stealth        | 5 |  5.2
Spellcasting   | |  7.8

Action                   |  1- 3 |  4- 6 |  7- 9 || total
-------------------------+-------+-------+-------++-------
Melee: Dagger            |    18 |    55 |       ||    73
       Bite              |     2 |     7 |     1 ||    10
       Punch             |       |     1 |       ||     1
       Trident           |       |    90 |   110 ||   200
 Cast: Magic Dart        |    52 |    40 |       ||    92
       Call Imp          |     6 |    38 |    41 ||    85
       Conjure Flame     |       |     3 |       ||     3
 Stab: Sleeping          |     1 |     9 |     4 ||    14
       Distracted        |       |     1 |     3 ||     4
  Eat: Chunk             |     2 |     6 |     4 ||    12
Armor: Robe              |     1 |    30 |    11 ||    42
Dodge: Dodged            |    26 |   126 |    73 ||   225

Table legend:
 A = Non-vault XP
 B = Vault XP
 C = Vault XP percentage of total XP
 D = Non-vault monster count
 E = Vault monster count
 F = Vault count percentage of total count
                 A         B        C        D         E       F
            +---------+---------+-------+---------+---------+-------
      Total |    1157 |     280 |  19.5 |      88 |      26 |  22.8
            +---------+---------+-------+---------+---------+-------
        D:1 |      11 |       4 |  26.7 |       9 |       3 |  25.0
        D:2 |      38 |      18 |  32.1 |      19 |       1 |   5.0
        D:3 |      49 |       0 |   0.0 |      15 |       0 |   0.0
        D:4 |     328 |     155 |  32.1 |      25 |       6 |  19.4
        D:5 |     150 |       0 |   0.0 |       6 |       0 |   0.0
        D:6 |     581 |       0 |   0.0 |      14 |       0 |   0.0
    Ossuary |       0 |     103 | 100.0 |       0 |      16 | 100.0
            +---------+---------+-------+---------+---------+-------
